 Dungeon Crawl Stone Soup version 0.21.1-1-g345015f (webtiles) character file.

52 letownia2 the Digger (level 4, -2/30 HPs)
             Began as a Formicid Earth Elementalist on Feb 26, 2018.
             Killed by miscasting Stone Arrow (19 damage)
             ... on level 2 of the Dungeon.
             The game lasted 00:03:37 (494 turns).

letownia2 the Digger (Formicid Earth Elementalist)   Turns: 494, Time: 00:03:38

Health: -2/30      AC:  5    Str: 13    XL:     4   Next: 8%
Magic:  0/7        EV: 10    Int: 15    God:
Gold:   85         SH:  4    Dex: 11    Spells: 3/7 levels left

rFire    . . .     SeeInvis +   n - -1 spear (curse)
rCold    . . .     Gourm    .   (no shield)
rNeg     . . .     Faith    .   l - +0 ring mail
rPois    .         Spirit   .   (helmet unavailable)
rElec    .         Reflect  +   (no cloak)
rCorr    .         Harm     .   (no gloves)
MR       .....                  (no boots)
Stlth    +.........             p - +4 amulet of reflection
HPRegen  0.10/turn              (no ring)
MPRegen  0.10/turn              (no ring)

@: very slightly contaminated
A: permanent stasis, dig shafts and tunnels, four strong arms, antennae 3
a: Dig, Shaft Self


You were on level 2 of the Dungeon.
You were not hungry.

You visited 1 branch of the dungeon, and saw 2 of its levels.

You collected 85 gold pieces.

Inventory:

Hand Weapons
 a - a +0 hunting sling
 n - a cursed -1 spear (weapon)
Missiles
 f - 8 tomahawks (quivered)
 j - 9 poisoned needles
 r - 11 bolts
Armour
 c - a +0 robe
 l - a +0 ring mail (worn)
Jewellery
 p - a +4 amulet of reflection (around neck)
Wands
 k - a wand of disintegration (11)
Scrolls
 b - a scroll of enchant armour {unknown}
 s - a scroll of remove curse {unknown}
Potions
 g - 2 potions of haste {unknown}
 h - 2 potions of curing {unknown}
 i - a potion of heal wounds {unknown}
 o - a potion of agility {unknown}
 q - a potion of degeneration {unknown}
Books
 e - a book of Geomancy

   Spells                             Type                      Level
   a - Sandblast                      Earth                        1
   b - Passwall                       Transmutation/Earth          2
   c - Stone Arrow                    Conjuration/Earth            3
   d - Petrify                        Transmutation/Earth          4
   e - Lee's Rapid Deconstruction     Earth                        5
Comestibles
 d - 4 rations
 m - 12 chunks of flesh


   Skills:
 + Level 0.0 Fighting
 + Level 0.1 Armour
 - Level 1.7 Dodging
 - Level 2.4 Stealth
 - Level 2.1 Spellcasting
 + Level 1.3 Conjurations
   Level 1.1 Transmutations
 - Level 5.1 Earth Magic


You had 3 spell levels left.
You knew the following spells:

 Your Spells              Type           Power        Failure   Level  Hunger
a - Sandblast             Erth           ###...       6%          1    #......
d - Stone Arrow           Conj/Erth      ##....       36%         3    ###....


Dungeon Overview and Level Annotations

Branches:
Dungeon (2/15)

Altars:
Dithmenos


Innate Abilities, Weirdness & Mutations

You cannot be hasted, slowed, berserked, paralysed or teleported.
You can dig through walls and to a lower floor.
Your four strong arms can wield two-handed weapons with a shield.
You have a pair of large antennae on your head. (SInv)


Message History

Aim: an adder (heavily wounded)
You don't have any stones to cast with.
Casting: Sandblast
Confirm with . or Enter, or press ? or * to list all spells.
Aiming: Stone Arrow
Press: ? - help, Shift-Dir - straight line, f/p - adder
Aim: an adder (heavily wounded)
The stone arrow misses the adder.
You block the adder's attack.
Unknown command.
Unknown command.
Casting: Stone Arrow
Confirm with . or Enter, or press ? or * to list all spells.
Aiming: Stone Arrow
Press: ? - help, Shift-Dir - straight line, f/p - adder
Aim: an adder (heavily wounded)
You miscast Stone Arrow.
You are very lightly contaminated with residual magic.
Energy rips through your body!
Ouch! That really hurt!
You die...

##....#........## #......#.#
......#.........# #.......#.#
...#..#.........###.......#.#
.#.##...........>[#.......#
.).............##...#####.#
.#.##..........# ##..># .#
.#.##..........##...# .#
##.###.........#..# #.#
#.##...#.>.@#
#.#...####....S## #.#.#.#
###...# #.#.#.# ...... #.#
#.# #..K.#.. #.# #....#### .
#..... # .....


You could see an adder and a kobold.

Vanquished Creatures
  2 adders (D:2)
  A worm (D:2)
  2 dart slugs
  2 ball pythons (D:2)
  2 bats
  3 giant cockroaches
  6 hobgoblins
  2 jackals (D:2)
  A quokka (D:2)
  2 frilled lizards (D:2)
  2 kobolds (D:2)
  A rat (D:1)
26 creatures vanquished.

Notes
Turn   | Place    | Note
-------+----------+-------------------------------------------
     0 | D:1      | letownia2 the Formicid Earth Elementalist began the quest for the Orb.
     0 | D:1      | Reached XP level 1. HP: 13/13 MP: 3/3
    82 | D:1      | Reached skill level 4 in Earth Magic
   110 | D:1      | Reached XP level 2. HP: 12/19 MP: 3/5
   213 | D:2      | Reached XP level 3. HP: 9/24 MP: 1/6
   264 | D:2      | Learned a level 3 spell: Stone Arrow
   267 | D:2      | Found a shadowy altar of Dithmenos.
   277 | D:2      | Reached skill level 5 in Earth Magic
   346 | D:2      | Reached skill level 1 in Conjurations
   433 | D:2      | Reached XP level 4. HP: 11/30 MP: 5/7
   494 | D:2      | Killed by miscasting Stone Arrow

Skill      XL: |  1  2  3 |
---------------+----------+-----
Earth Magic    | 4 5 |  5.1
Conjurations   | 1 |  1.3
Armour         | |  0.1
Dodging        | |  1.7
Stealth        | |  2.4
Spellcasting   | |  2.1
Transmutations | |  1.1

Action                   |  1- 3 |  4- 6 || total
-------------------------+-------+-------++-------
Melee: Unarmed           |    30 |       ||    30
       Spear             |     9 |    10 ||    19
 Cast: Sandblast         |    29 |     2 ||    31
       Stone Arrow       |       |     1 ||     1
 Stab: Sleeping          |     1 |       ||     1
Armor: Robe              |    17 |       ||    17
       Ring mail         |       |     1 ||     1
Dodge: Dodged            |    35 |     2 ||    37
Block: Other             |       |     3 ||     3
